 Dungeon Crawl Stone Soup version 0.23-a0-183-gf37f6fb (webtiles) character file.

219 mandick the Shield-Bearer (level 5, -2/47 HPs)
             Began as a Gnoll Fighter on Sept 23, 2018.
             Was a Follower of Dithmenos.
             Killed by nerve-wracking pain
             ... invoked by Menkaure
              (6 damage)
             ... on level 4 of the Dungeon.
             The game lasted 00:07:33 (2170 turns).

mandick the Shield-Bearer (Gnoll Fighter)           Turns: 2170, Time: 00:07:34

Health: -2/47      AC: 13    Str: 19    XL:     5   Next: 96%
Magic:  7/7        EV:  9    Int: 11    God:    Dithmenos [*.....]
Gold:   148        SH: 10    Dex: 14    Spells: 7/7 levels left

rFire    . . .     SeeInvis .   C - +1 dagger (elec)
rCold    . . .     Gourm    .   c - +0 shield
rNeg     . . .     Faith    .   r - +0 scale mail
rPois    .         Spirit   .   (no helmet)
rElec    .         Reflect  .   (no cloak)
rCorr    .         Harm     .   D - +1 pair of gloves
MR       +....                  (no boots)
Stlth    +.........             (no amulet)
HPRegen  0.15/turn              g - +3 ring of protection
MPRegen  0.10/turn              x - ring of protection from magic

@: wreathed by umbra
A: distributed training, fangs 1, strong nose
a: Renounce Religion


You were on level 4 of the Dungeon.
You worshipped Dithmenos.
Dithmenos was aware of your devotion.
You were not hungry.

You visited 1 branch of the dungeon, and saw 4 of its levels.

You collected 148 gold pieces.

Inventory:

Hand Weapons
 a - a +0 long sword
 b - a +0 hunting sling
 z - a +0 blowgun
 C - a +1 dagger of electrocution (weapon)
Missiles
 j - 36 sling bullets
 n - 37 arrows
 q - 31 stones
 A - 2 curare-tipped needles
 B - 3 tomahawks (quivered)
Armour
 c - a +0 shield (worn)
 e - a +0 pair of gloves
 r - a +0 scale mail (worn)
 D - a +1 pair of gloves (worn)
Jewellery
 g - a +3 ring of protection (left hand)
 x - a ring of protection from magic (right hand)
Wands
 y - a wand of digging (12)
Scrolls
 h - 4 scrolls of identify {unknown}
 k - a scroll of fear {unknown}
 l - a scroll of fog {unknown}
 t - a scroll of remove curse {unknown}
 v - a scroll of immolation {unknown}
Potions
 d - 2 potions of might
 i - a potion of haste {unknown}
 m - 6 potions of curing {unknown}
 p - a potion of flight {unknown}
 s - a potion of agility {unknown}
 u - a potion of resistance {unknown}
Comestibles
 f - 7 rations
 w - 2 chunks of flesh


   Skills:
 + Level 6.7 Fighting
 + Level 1.6 Short Blades
 + Level 4.8 Long Blades
 + Level 1.6 Axes
 + Level 1.6 Maces & Flails
 + Level 1.6 Polearms
 + Level 1.6 Staves
 + Level 1.6 Slings
 + Level 1.6 Bows
 + Level 1.6 Crossbows
 + Level 1.6 Throwing
 + Level 6.7 Armour
 + Level 1.6 Dodging
 + Level 1.6 Stealth
 + Level 6.7 Shields
 + Level 1.6 Unarmed Combat
 + Level 1.6 Spellcasting
 + Level 1.3 Conjurations
 + Level 1.3 Hexes
 + Level 1.3 Charms
 + Level 1.3 Summonings
 + Level 1.3 Necromancy
 + Level 1.3 Translocations
 + Level 1.3 Transmutations
 + Level 1.3 Fire Magic
 + Level 1.3 Ice Magic
 + Level 1.3 Air Magic
 + Level 1.3 Earth Magic
 + Level 1.3 Poison Magic
 + Level 1.9 Invocations
 + Level 1.6 Evocations


You had 7 spell levels left.
You didn't know any spells.
Your spell library was empty.

Dungeon Overview and Level Annotations

Branches:
Dungeon (4/15)
 Temple: D:4-7

Altars:
Dithmenos
Kikubaaqudgha
Qazlal
Ru
Uskayaw
Wu Jian

Shops:
D:4 [

Annotations:
D:4 Menkaure


Innate Abilities, Weirdness & Mutations

Your experience applies equally to all skills.
You have very sharp teeth.
Your uncanny sense of smell can sniff out nearby items.


Message History

Menkaure calls on the powers of darkness!
Your body is wracked with pain!
Evoke which item? (* to show all) (? for menu, Esc to quit)
Aiming: Polymorph
Press: ? - help, Shift-Dir - straight line, f/p - Menkaure
Aim: Menkaure (lightly damaged, fast, umbra, chance to defeat MR: 50%) Menkaure is unaffected.
Menkaure calls on the powers of darkness!
Your body is wracked with pain!
* * * LOW HITPOINT WARNING * * *
Evoke which item? (* to show all) (? for menu, Esc to quit)
Aiming: Polymorph
Press: ? - help, Shift-Dir - straight line, f/p - Menkaure
Aim: Menkaure (lightly damaged, fast, umbra, chance to defeat MR: 50%) Menkaure is unaffected.
The now-empty wand crumbles to dust.
Menkaure hits you.
* * * LOW HITPOINT WARNING * * *
Menkaure hits you but does no damage.
Menkaure gestures at you while chanting.
Pain shoots through your body!
You die...

#......##.?........#
#......##..........#
###......##..........#
.........##..........#
..........+..........#
...####...#..........###
.....##⌠.⌠######M......#
...#.##.∩.# #.......#
...#...⌠.⌠# #@......#
...########## #.......+
............####.......#
##.....................#
#..#######.###........#
#..# #.#..........# #.##
#.#.#.###+#### #.#
#.#.#<.∆ #.# #.# #.#


You could see Menkaure.

Vanquished Creatures
  An ogre (D:4)
  An orc priest (D:3)
  4 adders
  2 oozes (D:4)
  2 worms
  A dart slug (D:2)
  2 leopard geckos
  5 orcs
  A ball python (D:1)
  3 giant cockroaches
  5 goblins
  5 hobgoblins
  A quokka (D:4)
  6 bats
  4 frilled lizards
  11 kobolds
  3 rats
57 creatures vanquished.

Notes
Turn   | Place    | Note
-------+----------+-------------------------------------------
     0 | D:1      | mandick the Gnoll Fighter began the quest for the Orb.
     0 | D:1      | Reached XP level 1. HP: 23/23 MP: 1/1
   241 | D:1      | Reached XP level 2. HP: 28/29 MP: 2/2
   802 | D:2      | Reached XP level 3. HP: 33/35 MP: 3/3
  1286 | D:3      | Found a faded altar of an unknown god.
  1291 | D:3      | Became a worshipper of Dithmenos the Shadowed
  1291 | D:3      | Reached * piety under Dithmenos
  1336 | D:3      | Found a hide-covered altar of Uskayaw.
  1337 | D:3      | Found a stormy altar of Qazlal.
  1337 | D:3      | Found an ornate altar of the Wu Jian Council.
  1338 | D:3      | Found an ancient bone altar of Kikubaaqudgha.
  1339 | D:3      | Found a sacrificial altar of Ru.
  1481 | D:3      | Reached skill level 1 in Invocations
  1530 | D:3      | Reached skill level 1 in Short Blades
  1530 | D:3      | Reached skill level 1 in Axes
  1530 | D:3      | Reached skill level 1 in Maces & Flails
  1530 | D:3      | Reached skill level 1 in Polearms
  1530 | D:3      | Reached skill level 1 in Staves
  1530 | D:3      | Reached skill level 1 in Slings
  1530 | D:3      | Reached skill level 1 in Bows
  1530 | D:3      | Reached skill level 1 in Crossbows
  1530 | D:3      | Reached skill level 1 in Throwing
  1530 | D:3      | Reached skill level 1 in Dodging
  1530 | D:3      | Reached skill level 1 in Stealth
  1530 | D:3      | Reached skill level 1 in Unarmed Combat
  1530 | D:3      | Reached skill level 1 in Spellcasting
  1530 | D:3      | Reached skill level 1 in Evocations
  1530 | D:3      | Reached XP level 4. HP: 35/41 MP: 5/5
  1742 | D:3      | Reached skill level 1 in Conjurations
  1742 | D:3      | Reached skill level 1 in Hexes
  1742 | D:3      | Reached skill level 1 in Charms
  1742 | D:3      | Reached skill level 1 in Summonings
  1742 | D:3      | Reached skill level 1 in Necromancy
  1742 | D:3      | Reached skill level 1 in Translocations
  1742 | D:3      | Reached skill level 1 in Transmutations
  1742 | D:3      | Reached skill level 1 in Fire Magic
  1742 | D:3      | Reached skill level 1 in Ice Magic
  1742 | D:3      | Reached skill level 1 in Air Magic
  1742 | D:3      | Reached skill level 1 in Earth Magic
  1742 | D:3      | Reached skill level 1 in Poison Magic
  1841 | D:3      | Reached XP level 5. HP: 45/47 MP: 6/6
  2035 | D:4      | Noticed an ogre
  2059 | D:4      | Killed an ogre
  2098 | D:4      | Found Gulankurph's Armour Shop.
  2158 | D:4      | Noticed Menkaure
  2170 | D:4      | Killed from afar by Menkaure

Vault maps used:
D:1:      mrwooster_arrival_statue, minmay_pentomino_o4
D:3:      minitemple, first_ration, chequers_ecumenical_altar_lobes
D:4:      serial_shops, shop_fountains, grunt_dithmenos_smoke_and_mirrors,
          uniq_menkaure

Skill      XL: |  1  2  3  4 |
---------------+-------------+-----
Invocations    | 1 |  1.9
Short Blades   | 1 |  1.6
Axes           | 1 |  1.6
Maces & Flails | 1 |  1.6
Polearms       | 1 |  1.6
Staves         | 1 |  1.6
Slings         | 1 |  1.6
Bows           | 1 |  1.6
Crossbows      | 1 |  1.6
Throwing       | 1 |  1.6
Dodging        | 1 |  1.6
Stealth        | 1 |  1.6
Unarmed Combat | 1 |  1.6
Spellcasting   | 1 |  1.6
Evocations     | 1 |  1.6
Conjurations   | 1 |  1.3
Hexes          | 1 |  1.3
Charms         | 1 |  1.3
Summonings     | 1 |  1.3
Necromancy     | 1 |  1.3
Translocations | 1 |  1.3
Transmutations | 1 |  1.3
Fire Magic     | 1 |  1.3
Ice Magic      | 1 |  1.3
Air Magic      | 1 |  1.3
Earth Magic    | 1 |  1.3
Poison Magic   | 1 |  1.3
Fighting       | |  6.7
Long Blades    | |  4.8
Armour         | |  6.7
Shields        | |  6.7

Action                   |  1- 3 |  4- 6 || total
-------------------------+-------+-------++-------
Melee: Long sword        |   113 |    44 ||   157
       Bite              |    16 |     8 ||    24
       Dagger            |       |    27 ||    27
Evoke: Wand              |       |     7 ||     7
  Eat: Chunk             |     2 |     2 ||     4
Armor: Scale mail        |    46 |    22 ||    68
Dodge: Dodged            |    37 |    20 ||    57
Block: Shield            |    61 |    33 ||    94
       Rpst.: Long sword |    10 |     1 ||    11

Table legend:
 A = Non-vault XP
 B = Vault XP
 C = Vault XP percentage of total XP
 D = Non-vault monster count
 E = Vault monster count
 F = Vault count percentage of total count
                 A         B        C        D         E       F
            +---------+---------+-------+---------+---------+-------
      Total |     307 |       6 |   1.9 |      54 |       3 |   5.3
            +---------+---------+-------+---------+---------+-------
        D:1 |       7 |       6 |  46.2 |       5 |       3 |  37.5
        D:2 |      36 |       0 |   0.0 |      20 |       0 |   0.0
        D:3 |     119 |       0 |   0.0 |      23 |       0 |   0.0
        D:4 |     145 |       0 |   0.0 |       6 |       0 |   0.0
            +---------+---------+-------+---------+---------+-------
